 Dungeon Crawl Stone Soup version 0.25.1-2-g60ff931df9 (webtiles) character file.

Game seed: 12556926155007661181

10348 Kaiern the Fighter (level 11, -6/110 (111) HPs)
             Began as a Minotaur Hunter on Aug 23, 2020.
             Was an Elder of Okawaru.
             Mangled by a wolf spider zombie (10 damage)
             ... on level 12 of the Dungeon.
             The game lasted 00:40:01 (14534 turns).

Kaiern the Fighter (Minotaur Hunter)               Turns: 14534, Time: 00:40:01

HP:   -6/110 (111)  AC:  8    Str: 20    XL:     11   Next: 35%
MP:   13/13         EV: 14    Int: 14    God:    Okawaru [****..]
Gold: 725           SH:  0    Dex: 11    Spells: 10/10 levels left

rFire    . . .     SeeInvis .   e - +5 morningstar (freeze)
rCold    . . .     Gourm    .   (no shield)
rNeg     . . .     Faith    .   i - +0 ring mail
rPois    .         Spirit   .   (helmet restricted)
rElec    .         Reflect  .   B - scarf {repulsion}
rCorr    .         Harm     .   (no gloves)
MR       .....                  h - +0 pair of boots
Stlth    +.........             (no amulet)
HPRegen  0.28/turn              b - +6 ring of intelligence
MPRegen  0.13/turn              (no ring)

@: repel missiles
A: retaliatory headbutt, horns 2
a: Heroism, Renounce Religion


You were on level 12 of the Dungeon.
You worshipped Okawaru.
Okawaru was greatly pleased with you.
You were not hungry.

You visited 2 branches of the dungeon, and saw 13 of its levels.
You also visited: Sewer.

You collected 725 gold pieces.

Inventory:

Hand Weapons
 a - a +2 hand crossbow
 e - a +5 morningstar of freezing (weapon)
Missiles
 d - 13 bolts
 o - 238 arrows
Armour
 h - a +0 pair of boots (worn)
 i - a +0 ring mail (worn)
 B - a scarf of repulsion (worn)
Jewellery
 b - a +6 ring of intelligence (left hand)
 D - an uncursed ring of poison resistance {unknown}
 I - an uncursed ring of protection from fire
Wands
 m - a wand of paralysis (7)
 u - a wand of disintegration (20)
 y - a wand of random effects (56)
Scrolls
 c - 3 scrolls of teleportation
 l - 3 scrolls of remove curse
 n - a scroll of fog {unknown}
 x - a scroll of noise {unknown}
 A - 2 scrolls of amnesia {unknown}
 C - 4 scrolls of enchant weapon
 F - a scroll of blinking
 G - a scroll of fear {unknown}
Potions
 g - 2 potions of might
 j - 2 potions of magic
 k - 4 potions of flight
 p - a potion of degeneration {unknown}
 q - 2 potions of cancellation {unknown}
 r - a potion of haste {unknown}
 s - 4 potions of mutation
 t - 2 potions of heal wounds
 v - a potion of stabbing {unknown}
 w - 2 potions of brilliance {unknown}
 z - 4 potions of curing
 E - a potion of invisibility {unknown}
Miscellaneous
 H - a phantom mirror
Comestibles
 f - 20 rations


   Skills:
 + Level 14.4 Fighting
 - Level 10.0 Crossbows
 + Level 7.5 Armour
 + Level 7.2 Dodging
 - Level 0.7 Stealth
 + Level 4.4 Invocations


You had 10 spell levels left.
You didn't know any spells.
Your spell library contained the following spells:

 Spells                   Type           Power        Failure   Level  Hunger
 Magic Dart               Conj           #...         41%         1    ##.....
 Sandblast                Erth           #.....       41%         1    ##.....
 Blink                    Tloc           N/A          56%         2    ###....
 Call Imp                 Summ           #.......     56%         2    ###....
 Ensorcelled Hibernation  Hex/Ice        #.....       56%         2    ###....
 Slow                     Hex            #.......     56%         2    ###....
 Conjure Flame            Conj/Fire      #.......     80%         3    ####...
 Frozen Ramparts          Ice            #.....       80%         3    ####...
 Mephitic Cloud           Conj/Pois/Air  #.......     80%         3    ####...
 Leda's Liquefaction      Hex/Erth       #.........   99%         4    #####..
 Petrify                  Tmut/Erth      #.......     99%         4    #####..
 Iron Shot                Conj/Erth      #.........   100%        6    #######


Dungeon Overview and Level Annotations

Branches:
Dungeon (12/15)            Temple (1/1) D:5            Lair (0/6) D:11
    Orc (0/2) D:10          Sewer (visited)

Altars:
Ashenzari
Cheibriados
Dithmenos
Elyvilon
Fedhas
Gozag
Hepliaklqana
Kikubaaqudgha
Makhleb
Nemelex Xobeh
Okawaru
Qazlal
Ru
Sif Muna
Trog
Uskayaw
Vehumet
Wu Jian
Xom
Yredelemnul
Zin
The Shining One
Lugonu

Annotations:
D:4 exclusion: door


Innate Abilities, Weirdness & Mutations

You reflexively headbutt those who attack you in melee.
You have a pair of horns on your head.


Message History

The vampire mosquito misses you.
You barely miss the vampire mosquito. The vampire mosquito barely misses you.
The vampire mosquito bites you.
* * * LOW HITPOINT WARNING * * *
The vampire mosquito draws strength from your injuries!
The vampire mosquito misses you.
You impale the vampire mosquito!! You freeze the vampire mosquito!
You destroy the vampire mosquito!
Okawaru accepts your kill.
The wolf spider zombie closely misses you. x2
You impale the wolf spider zombie!!
You headbutt the wolf spider zombie, but do no damage.
The wolf spider zombie is heavily damaged.
The wolf spider zombie hits you!
* * * LOW HITPOINT WARNING * * *
The wolf spider zombie bites you.
* * * LOW HITPOINT WARNING * * *
The wolf spider zombie barely misses you.
The wolf spider zombie bites you!
You die...

...#
.######.########
(.#
>..............
Z.##
#######.#######
#..
..............#
#y#
#########.###.#
#.# #..........#
#.# #........#.#
#.##############.#
#.†Z@)...........#
##################


You could see a wolf spider zombie.

Vanquished Creatures
  A two-headed ogre (D:9)
  Pikel (D:5)
  A gargoyle (D:12)
  Joseph (D:7)
  Grinder (D:5)
  2 slime creatures (D:12)
  A hippogriff (D:12)
  A water elemental (D:11)
  6 yaks (D:11)
  A steam dragon (D:7)
  4 vampire mosquitoes (D:12)
  A hungry ghost (D:10)
  A phantom (D:6)
  2 orc warriors
  5 sky beasts
  A black bear (D:10)
  2 ice beasts
  An eye of draining (D:11)
  3 necrophages
  An ogre (D:8)
  A slave (D:5)
  8 centaurs
  2 crocodiles
  7 bullfrogs
  A gnoll sergeant (D:7)
  Blork the orc (D:5)
  2 wyvern skeletons
  A scorpion (D:11)
  12 killer bees (D:11)
  6 wights
  3 electric eels (D:11)
  3 howler monkeys
  6 crimson imps
  A bullfrog zombie (D:5)
  3 quasits
  2 centaur skeletons
  7 jellies
  7 hounds
  4 orc priests
  4 orc wizards
  2 iguanas
  Natasha (thrice) (D:4)
  10 worker ants
  A worker ant zombie (D:7)
  8 gnolls (D:7)
  13 adders
  3 shadow imps
  8 oozes
  2 adder zombies
  An adder skeleton (D:9)
  A worm (D:2)
  4 dart slugs
  3 leopard geckos
  32 orcs
  6 giant cockroaches
  3 goblins
  2 hobgoblins (D:1)
  10 jackals
  6 quokkas
  5 ball pythons
  A ball python skeleton (D:5)
  5 bats
  4 frilled lizards
  12 kobolds
  10 rats
273 creatures vanquished.

Notes
Turn   | Place    | Note
-------+----------+-------------------------------------------
     0 | D:1      | Kaiern the Minotaur Hunter began the quest for the Orb.
     0 | D:1      | Reached XP level 1. HP: 18/18 MP: 0/0
   362 | D:1      | Reached XP level 2. HP: 25/25 MP: 1/1
   425 | D:1      | Reached skill level 3 in Fighting
  1349 | D:2      | Reached XP level 3. HP: 27/31 MP: 2/2
  1780 | D:2      | Found a snail-covered altar of Cheibriados.
  2117 | D:3      | Reached skill level 4 in Fighting
  2137 | D:3      | Found an ancient bone altar of Kikubaaqudgha.
  2218 | D:3      | Found a glowing drain.
  2221 | D:3      | Reached XP level 4. HP: 40/40 MP: 3/3
  2250 | Sewer    | Entered a sewer
  2393 | Sewer    | Noticed a crocodile
  2401 | Sewer    | Killed a crocodile
  2401 | Sewer    | Reached XP level 5. HP: 30/47 MP: 4/4
  2777 | D:3      | Reached skill level 5 in Fighting
  3240 | D:3      | Found a stormy altar of Qazlal.
  3364 | D:3      | Found a burning altar of Makhleb.
  3575 | D:4      | Found a shimmering blue altar of Sif Muna.
  3846 | D:3      | Reached skill level 5 in Dodging
  3846 | D:3      | Reached XP level 6. HP: 14/57 MP: 5/5
  3848 | D:3      | Reached skill level 6 in Fighting
  4367 | D:4      | Noticed Natasha
  4372 | D:4      | Killed Natasha
  4372 | D:4      | Reached skill level 7 in Fighting
  4374 | D:4      | Noticed Natasha
  4382 | D:4      | Killed Natasha
  4538 | D:4      | Found a shimmering altar of Xom.
  4551 | D:4      | Noticed Natasha
  4554 | D:4      | Killed Natasha
  4813 | D:5      | Entered Level 5 of the Dungeon
  4825 | D:5      | Reached XP level 7. HP: 57/66 MP: 6/6
  4874 | D:5      | Found a staircase to the Ecumenical Temple.
  4883 | Temple   | Entered the Ecumenical Temple
  5046 | D:5      | Reached skill level 1 in Armour
  5105 | D:5      | Noticed Grinder
  5122 | D:5      | Paralysed by Grinder for 5 turns
  5128 | D:5      | Killed Grinder
  5128 | D:5      | Reached skill level 8 in Fighting
  5128 | D:5      | Reached skill level 5 in Crossbows
  5396 | D:5      | Found a white marble altar of Elyvilon.
  5668 | D:5      | Reached XP level 8. HP: 62/75 MP: 7/7
  5901 | D:5      | Noticed Pikel
  5926 | D:5      | Killed Pikel
  5926 | D:5      | Reached skill level 9 in Fighting
  5926 | D:5      | Reached skill level 5 in Armour
  6291 | D:5      | Noticed Blork the orc
  6296 | D:5      | Killed Blork the orc
  6541 | D:6      | Reached skill level 10 in Fighting
  6914 | D:6      | Found a radiant altar of Vehumet.
  7009 | D:6      | Reached XP level 9. HP: 85/85 MP: 8/8
  7240 | D:6      | Found a hazy altar of Hepliaklqana.
  7273 | D:6      | Found a glowing silver altar of Zin.
  7512 | D:6      | Found a glowing golden altar of the Shining One.
  7641 | D:6      | Found a blossoming altar of Fedhas.
  7832 | D:7      | Noticed Joseph
  7851 | D:7      | Killed Joseph
  7851 | D:7      | Reached skill level 11 in Fighting
  8234 | D:7      | Found a sparkling altar of Nemelex Xobeh.
  9563 | D:8      | Found a basalt altar of Yredelemnul.
  9563 | D:8      | Found a hide-covered altar of Uskayaw.
  9660 | D:8      | Reached skill level 12 in Fighting
  9660 | D:8      | Reached skill level 10 in Crossbows
  9692 | D:8      | Reached XP level 10. HP: 96/96 MP: 9/9
  9793 | D:9      | Found an ornate altar of the Wu Jian Council.
 10083 | D:9      | Found a bloodstained altar of Trog.
 10188 | D:9      | Found an iron altar of Okawaru.
 10197 | D:9      | Became a worshipper of Warmaster Okawaru
 10445 | D:9      | Noticed a two-headed ogre
 10452 | D:9      | Killed a two-headed ogre
 10452 | D:9      | Reached * piety under Okawaru
 10452 | D:9      | Reached skill level 13 in Fighting
 10655 | D:10     | Entered Level 10 of the Dungeon
 10799 | D:10     | Found a staircase to the Orcish Mines.
 11094 | D:10     | Found a shattered altar of Ashenzari.
 11097 | D:10     | Reached skill level 1 in Invocations
 11290 | D:10     | Identified the Reference Book on Clay and the Frostbite
 11448 | D:10     | Reached ** piety under Okawaru
 12055 | D:11     | You fall into a shaft and drop 1 floor!
 12681 | D:11     | Found a staircase to the Lair.
 12959 | D:11     | Reached skill level 14 in Fighting
 13111 | D:11     | Reached XP level 11. HP: 82/109 MP: 12/12
 13239 | D:11     | Reached *** piety under Okawaru
 14533 | D:12     | Reached **** piety under Okawaru
 14534 | D:12     | HP: 4/110 [wolf spider zombie (3)]
 14534 | D:12     | Mangled by a wolf spider zombie

Illustrated notes

Levels and vault maps discovered:
D:1:      lemuel_arrival_muddy, layout_basic
D:2:      layout_loops_cross, nicolae_overflow_crystal_walls, first_ration
D:3:      layout_loops_ring, lemuel_coloured_pillars_altar, marbit_many_paths,
          nicolae_qazlal_eye_of_the_storm, cheibrodos_sewer_entry_drain,
          hangedman_decor_clover_reticule
D:4:      layout_rooms, led_sif_book, lemuel_statue_altar, uniq_natasha
D:5:      layout_loops_ring, elyvilon_altar_3, minmay_temple_entry_crystal_x,
          uniq_blork_the_orc, uniq_grinder, uniq_pikel
D:6:      layout_basic, kennysheep_mini_moat, kennysheep_mini,
          lemuel_doored_altar, tso_metal_star, basic_altar
D:7:      layout_gridville, nemelex_xobeh_ov_fountains_minmay, hex_tiny,
          uniq_joseph
D:8:      layout_gridville, gammafunk_temple_overflow_elements
D:9:      layout_cave_pools, lemuel_round_altar, old_standard_altar,
          old_standard_altar, chequers_serial_rivers_micro_e,
          hangedman_little_slice_of_home
D:10:     layout_stronghold, orc_0_dummy, basic_altar
D:11:     layout_basic, lair_entry_dummy
D:12:     layout_basic, minivault_22, minmay_guarded_unrand_vampires_tooth,
          uniq_fannar, uniq_snorg, uniq_gastronok, uniq_frances
Temple:   corrupted_temple

Skill      XL: |  1  2  3  4  5  6  7  8  9 10 11 |
---------------+----------------------------------+-----
Fighting       | 3 4 5 7 8 10 12 14 | 14.4
Dodging        | 3 4 5 6 7 |  7.2
Armour         | 3 5 6 7 |  7.5
Crossbows      | 5 7 10 | 10.0
Invocations    | 3 4 |  4.4
Stealth        | |  0.7

Action                   |  1- 3 |  4- 6 |  7- 9 | 10-12 || total
-------------------------+-------+-------+-------+-------++-------
Melee: Short sword       |    60 |       |       |       ||    60
       Headbutt          |     9 |     7 |    32 |    29 ||    77
       War axe           |    22 |    56 |       |       ||    78
       Hand axe          |       |     5 |    76 |       ||    81
       Morningstar       |       |       |    88 |   211 ||   299
 Fire: Hand crossbow     |    12 |    98 |    94 |    81 ||   285
  Use: Scroll            |       |    10 |     7 |       ||    17
  Eat: Chunk             |     4 |     5 |     2 |     7 ||    18
       Ration            |       |     1 |     4 |     3 ||     8
Armor: Leather armour    |     8 |       |       |       ||     8
       Ring mail         |    24 |    34 |   112 |    95 ||   265
Dodge: Dodged            |    63 |    75 |   235 |   237 ||   610
       Repelled          |       |       |     4 |     4 ||     8
